Construct Section Command Post
Construct Section Command Post
Selects Indian Artillery Battlegroup
Construct Platoon Command Post
Unlock Bishop Self-propelled Artillery
6-pounder Anti-tank Gun Team
Bishop Self-propelled Artillery
Bishop Self-propelled Artillery
Selects Artillery Saturation
Selects Gurkha Rifles Section
Selects Off-map Airburst Barrage
Selects Volunteer Infantry
Construct Company Command Post
Unlock Towed 17-pounder Anti-tank Guns
17-pounder Anti-tank Gun Team
Selects Perimeter Monitor